LetsOutscumLuxidream, neutral female scurrid Tourist ... .... ..@. ... LetsOutscumLuxidream the Rambler Experience level: 1 Strength: 11 Dexterity: 9 Constitution: 14 Intelligence: 13 Wisdom: 8 Charisma: 20 Health: 0(9) Energy: 12(12) Def: 0 Gold: 225 Moves: 61 Dungeon seed: m_PlXOg_TJutsi8Q Game ID: LetsOutscumLuxidream_1498227669 Your Inventory: Coins $ - 225 gold pieces Weapons a - 54 uncursed +2 darts (in quiver) Armor e - an uncursed +0 Hawaiian shirt (being worn) Comestibles b - an uncursed egg c - 2 uncursed food rations d - an uncursed tin of spinach f - an uncursed clove of garlic g - 2 uncursed tripe rations h - an uncursed fortune cookie i - an uncursed chestnut j - 2 uncursed cram rations Scrolls l - 2 uncursed scrolls of magic mapping Potions k - 2 uncursed potions of extra healing Wands o - an uncursed wand of secret door detection (0:11) Tools m - an uncursed expensive camera (0:40) n - an uncursed credit card p - an uncursed leash Spells and supernatural/magical abilities: Name Level Category Fail Memory W - pray for help -- divine ? -- Your skills at the end: Miscellaneous Skills wands [Basic] Weapon Skills dart [Basic] Spellcasting Skills Final Attributes: You were devoutly aligned. You had infravision. You were very stealthy. You are dead. Vanquished creatures: a puppy a grid bug 2 creatures vanquished. Voluntary challenges: You went without food. You did not adorn yourself with jewelry or accessories. You did not cause conflict. You were not invisible. You did not have reflection. You were not displaced. You were an atheist. You never hit with a wielded weapon. You were a pacifist. You did not use tools. You did not use plumbed fixtures. You did not drink any magical draughts. You read items or engraved 4 times, starting on turn 5. You never genocided any monsters. You never polymorphed an object. You never changed form. You used no wishes. You never split a pudding. You never wrote Elbereth's name. You never violated your personal moral code. Dungeon overview: The Dungeons of Doom: levels 1 to 16 Level 1 a long staircase Level 2 Level 3 an altar to The Lady Level 4 Level 5 Level 6 Level 7 Level 8 Level 9 many fountains Level 10 Level 11 a fountain Level 12 Level 13 Level 14 Level 15 Level 16 <- You were here History has recorded: On T:1 you entered the Dungeons of Doom to retrieve the Amulet of Yendor! On T:7 you reached level 2 of The Dungeons of Doom. On T:10 you reached level 3 of The Dungeons of Doom. On T:12 you reached level 4 of The Dungeons of Doom. On T:14 you reached level 5 of The Dungeons of Doom. On T:16 you reached level 6 of The Dungeons of Doom. On T:19 you reached level 7 of The Dungeons of Doom. On T:29 you reached level 8 of The Dungeons of Doom. On T:31 you reached level 9 of The Dungeons of Doom. On T:38 you reached level 10 of The Dungeons of Doom. On T:40 you reached level 11 of The Dungeons of Doom. On T:43 you reached level 12 of The Dungeons of Doom. On T:45 you reached level 13 of The Dungeons of Doom. On T:52 you reached level 14 of The Dungeons of Doom. On T:54 you reached level 15 of The Dungeons of Doom. On T:60 you reached level 16 of The Dungeons of Doom. Score breakdown: Gold: 127 ( 12 points) Experience: 1 level ( 0 points) Exploration: 16 levels ( 450 points) Discoveries: 3 items ( 150 points) Variety of kills: 2 monsters ( 100 points) Major goal: (nothing yet) ( 0 points) Survival: died (score multiplied by 3) Total score: 2136 Latest messages: Look for a ...ic transporter. You couldn't quite make out that last message. You see here a scroll labeled GARVEN DEH. u - a scroll labeled GARVEN DEH. As you read the scroll, it disappears. The scroll erupts in a tower of flame! Some of your scrolls of magic mapping catch fire and burn! You start digging downward. You continue digging downward. You dig a pit in the floor. You continue digging downward. You dig a hole through the floor. You fall through... Please move the cursor to an unknown object. Done. $ - 127 gold pieces. The flaming sphere explodes! You get blasted! You die... Final status: Aloha LetsOutscumLuxidream the Tourist, killed by a flaming sphere... You died in The Dungeons of Doom on dungeon level 16 with 2136 points, and 225 pieces of gold, after 61 moves. You were level 1 with a maximum of 9 hit points when you died.